 Dungeon Crawl Stone Soup version 0.27.0-1-g7a089689b8 (webtiles) character file.

Game seed: 11773711744361336782

103275 sasquatch the Severer (level 15, -7/180 HPs)
             Began as a Demonspawn Berserker on Aug 7, 2021.
             Was the Champion of Trog.
             Mangled by a balrug (9 damage)
             ... on level 2 of the Abyss.
             The game lasted 00:51:27 (31761 turns).

sasquatch the Severer (Demonspawn Berserker)       Turns: 31761, Time: 00:51:27

Health: -7/180     AC: 21    Str: 22      XL:     15   Next: 88%
Magic:  15/15      EV:  9    Int:  9      God:    Trog [******]
Gold:   2151       SH:  0    Dex: 12 (14) Spells: 14/14 levels left

rFire    + + .     SeeInvis .   P - +12 battleaxe "Beastbane" {flame, rElec rF+ rC+}
rCold    + + .     Faith    .   (shield currently unavailable)
rNeg     . . .     Spirit   .   R - +2 chain mail {Will+}
rPois    .         Reflect  .   G - +1 hat {Will+}
rElec    +         Harm     .   q - +0 cloak
rCorr    .         Rampage  .   (gloves unavailable)
Will     +++..                  u - +0 pair of boots
Stlth    ..........             i - amulet of the acrobat
HPRegen  0.40/turn              g - ring of protection from cold
MPRegen  0.14/turn              y - ring of protection from fire

@: berserking, on fire, glowing, studying Short Blades, very quick
A: claws 3, thin metallic scales 2, icemail 1, spiny 1, condensation shield,
deterioration 1
a: Renounce Religion, Berserk, Trog's Hand, Brothers in Arms


You were on level 2 of the Abyss.
You worshipped Trog.
Trog was exalted by your worship.
You visited 5 branches of the dungeon, and saw 22 of its levels.
You visited the Abyss 1 time.

You collected 2445 gold pieces.
You spent 294 gold pieces at shops.

Inventory:

Hand Weapons
 H - a +1 broad axe of venom
 L - a +5 executioner's axe of flaming
 P - the +12 battleaxe "Beastbane" (weapon) {flame, rElec rF+ rC+}
   (Trog gifted it to you on level 2 of the Orcish Mines)

   It burns those it strikes, dealing additional fire damage.
   Big, fiery blades are also staple armaments of hydra-hunters.
   rF:        It protects you from fire.
   rC:        It protects you from cold.
   rElec:     It insulates you from electricity.
 Q - a +4 antimagic battleaxe
Missiles
 b - 11 curare-tipped darts (quivered)
 B - 5 throwing nets
Armour
 q - a +0 cloak (worn)
 u - a +0 pair of boots (worn)
 G - a +1 hat of willpower (worn)
 R - a +2 chain mail of willpower (worn)
Jewellery
 g - a ring of protection from cold (left claw)
 i - an amulet of the acrobat (around neck)
 w - a ring of positive energy
 y - a ring of protection from fire (right claw)
Wands
 d - a wand of paralysis (34)
 n - a wand of charming (8)
 s - a wand of iceblast (31)
 t - a wand of polymorph (22)
 x - a wand of digging (5)
 C - a wand of mindburst (65)
 I - a wand of flame (73)
 J - a wand of acid (5)
Scrolls
 c - 3 scrolls of enchant weapon
 e - 4 scrolls of blinking
 j - a scroll of teleportation
 k - 4 scrolls of magic mapping
 l - 2 scrolls of fog
 r - 6 scrolls of identify
 A - a scroll of brand weapon
 M - a scroll of enchant armour
Potions
 f - 2 potions of resistance
 h - 7 potions of haste
 m - 2 potions of flight
 o - 6 potions of lignification
 p - 2 potions of attraction
 v - 2 potions of curing
 z - 2 potions of mutation
 K - 5 potions of ambrosia
 N - a potion of might


   Skills:
 + Level 11.9 Fighting
 - Level 20.0 Axes
 + Level 11.6 Armour
 - Level 1.7 Dodging


You had 14 spell levels left.
You didn't know any spells.
Your spell library was empty.

Dungeon Overview and Level Annotations

Branches:
Dungeon (11/15)            Temple (0/1) D:4            Lair (6/6) D:10
 Shoals (1/4) Lair:2        Snake (2/4) Lair:4        Slime (0/5) Lair:5
    Orc (2/2) D:10            Elf (0/3) Orc:2

Altars:
Ashenzari
Cheibriados
Dithmenos
Fedhas
Gozag
Makhleb
Nemelex Xobeh
Uskayaw
Vehumet
Wu Jian
Xom
Beogh

Shops:
D:2 ?   Orc:2 *[:(

Annotations:
D:9 Harold
D:11 exclusion: door
Lair:2 exclusion: 2 oklob plants
Shoals:1 Louise


Innate Abilities, Weirdness & Mutations

You have claws for hands.
You are mostly covered in thin metallic scales. (AC +3)
A meltable icy envelope protects you from harm. (AC +0)
You are partially covered in sharp spines.
A meltable shield of frost defends you. (SH +0)
Your body sometimes deteriorates upon taking damage.


Message History

Your icy envelope is restored.
You start resting.
A red devil comes into view. It is wielding a +0 trident.
A balrug comes into view.
It is wielding a +2 demon whip of venom.
A red devil comes into view. It is wielding a +0 trident.
The red devil misses you. 2 sun demons come into view.
The sun demon shouts!
The balrug gestures at you.
The sticky flame hits you but does no damage.
Your icy defenses dissipate!
You resist.
You are covered in liquid flames!
The red devil completely misses you.
The red devil hops backward while attacking.
The red devil hits you from afar with a +0 trident!
* * * LOW HITPOINT WARNING * * *
A red film seems to cover your vision as you go berserk!
You feel yourself moving faster!
You feel mighty!
You are covered in liquid flames!
* * * LOW HITPOINT WARNING * * *
The sun demon is struck by your spines. The sun demon hits you!
* * * LOW HITPOINT WARNING * * *
You are engulfed in flames.
You resist.
* * * LOW HITPOINT WARNING * * *
The red devil hits you from afar with a +0 trident.
* * * LOW HITPOINT WARNING * * *
You are too injured to fight recklessly!
You are too injured to fight recklessly!
Okay, then.
You closely miss the sun demon.
The sun demon is lightly wounded.
You slash the balrug!
You are covered in liquid flames!
The red devil hits you but does no damage.
The sun demon closely misses you.
The balrug hits you with a +2 demon whip of venom!
* * * LOW HITPOINT WARNING * * *
You are engulfed in flames!
You resist.
You die...

## .. ##
##### . .##
####..#.#.#.
#.. ...... .
.
##.#...#....
#..#....# ..
#.#@###..
#.#324..#..
# #..34#..#
##..#. ..#.
###.... .# #
.##... # .
.# .#. . #.
..## . ..
....


You could see a balrug, 2 sun demons and 2 red devils.

Vanquished Creatures
  Vashnia (Snake:2)
  A tentacled starspawn (Abyss:2)
  A frost giant (Shoals:1)
  2 orc warlords (Orc:2)
  A merfolk impaler (Shoals:1)
  Snorg (Lair:4)
  2 naga warriors (Snake:2)
  6 hydras
  Erica (Lair:2)
  2 merfolk aquamancers (Shoals:1)
  2 anacondas (Snake:1)
  A catoblepas (Lair:5)
  2 two-headed ogres
  2 alligators (Lair:6)
  7 death yaks (Lair:5)
  4 orc high priests (Orc:2)
  5 naga sharpshooters
  Nergalle (Lair:3)
  A spatial maelstrom (Abyss:2)
  2 sea snakes (Shoals:1)
  A naga ritualist (Snake:1)
  A lindwurm (Lair:5)
  6 harpies (Shoals:1)
  An ugly thing (D:11)
  4 orc knights
  5 mana vipers
  An oklob plant (D:10)
  3 fauns (Shoals:1)
  4 orc sorcerers
  4 cyclopes (Shoals:1)
  5 salamanders
  A moth of wrath (D:7)
  Maurice (D:9)
  6 elephants (Lair:4)
  10 black mambas
  A merfolk siren (Shoals:1)
  A guardian serpent (Snake:2)
  6 naga magi
  A smoke demon (Abyss:2)
  9 cane toads
  Psyche (D:10)
  2 rime drakes
  6 komodo dragons
  17 polar bears
  4 merfolk (Shoals:1)
  A wind drake (Shoals:1)
  A hornet (D:10)
  15 blink frogs
  2 raiju (Lair:6)
  13 dream sheep
  6 water elementals (Shoals:1)
  Sigmund (D:2)
  37 yaks
  A wraith (D:10)
  5 wyverns
  2 steam dragons
  A ynoxinul (Abyss:2)
  6 basilisks
  3 small abominations (Abyss:2)
  2 spatial vortices (Abyss:2)
  9 nagas
  8 wargs
  16 water moccasins
  18 hell hounds
  40 orc warriors
  3 sky beasts
  14 black bears
  6 ice beasts
  4 boggarts (Lair:6)
  37 wolves
  2 centaurs
  10 ogres
  A kobold brigand (D:7)
  12 bullfrogs
  2 scorpions (D:6)
  2 water moccasin skeletons
  32 killer bees
  A snapping turtle simulacrum (Abyss:2)
  5 wights (D:8)
  2 electric eels
  A howler monkey (D:4)
  3 centaur zombies
  5 jellies
  A bullfrog zombie (D:7)
  2 gnoll shamans
  19 orc priests
  2 hounds (D:6)
  Ijyb (D:5)
  Natasha (thrice) (D:2)
  29 orc wizards
  6 hell rats (Lair:6)
  2 hound skeletons (D:4)
  A howler monkey zombie (D:8)
  16 gnolls
  6 adders
  A howler monkey skeleton (D:7)
  A river rat (Lair:2)
  A shadow imp (D:6)
  A white imp (Abyss:2)
  2 ufetubi
  A worm (D:2)
  74 orcs
  8 endoplasms
  2 giant cockroaches
  9 goblins
  4 hobgoblins
  17 jackals
  3 quokkas
  5 ball pythons
  7 bats
  4 frilled lizards
  7 kobolds
  6 rats
  2 starspawn tentacles (Abyss:2)
718 creatures vanquished.

Vanquished Creatures (collateral kills)
  Gastronok (Lair:3)
  A minotaur (Lair:4)
  The ghost of Rigic the Covert, a journeyman OpFi of Nemelex Xobeh (Lair:4)
  2 naga sharpshooters (Snake:2)
  The ghost of RascalDebosk the Poker, a novice DsGl of Sif Muna (D:7)
  A warg (Orc:2)
  An orc warrior (Orc:2)
  An orc (Orc:2)
9 creatures vanquished.

Vanquished Creatures (others)
  2 bullfrogs (Lair:5)
  A killer bee (Lair:2)
  2 orc wizards
  2 orcs (Orc:1)
  A bush (Lair:6)
  47 fungi
  120 plants
  2 starspawn tentacles (Abyss:2)
  3 toadstools (D:11)
180 creatures vanquished.

Grand Total: 907 creatures vanquished

Notes
Turn   | Place    | Note
-------+----------+-------------------------------------------
     0 | D:1      | sasquatch the Demonspawn Berserker began the quest for the
                  | Orb.
     0 | D:1      | Reached XP level 1. HP: 18/18 MP: 1/1
    77 | D:1      | Reached skill level 3 in Axes
   310 | D:1      | Gained mutation: You are partially covered in thin metallic
                  | scales. (AC +2) [demonic ancestry]
   310 | D:1      | Reached XP level 2. HP: 24/24 MP: 2/2
   803 | D:1      | Reached ** piety under Trog
  1056 | D:1      | Gained mutation: A meltable shield of frost defends you.
                  | (SH +0) [demonic ancestry]
  1056 | D:1      | Reached XP level 3. HP: 26/29 MP: 3/3
  1389 | D:2      | Noticed Natasha
  1397 | D:2      | Killed Natasha
  1398 | D:2      | Reached skill level 4 in Axes
  1443 | D:2      | Reached XP level 4. HP: 20/35 MP: 4/4
  1629 | D:2      | Noticed Natasha
  1637 | D:2      | Killed Natasha
  1705 | D:2      | Noticed Natasha
  1720 | D:2      | Killed Natasha
  1721 | D:2      | Reached skill level 5 in Axes
  1981 | D:2      | Found a faded altar of an unknown god.
  2198 | D:2      | Noticed Sigmund
  2222 | D:2      | Killed Sigmund
  2223 | D:2      | Reached skill level 6 in Axes
  2223 | D:2      | Gained mutation: You are partially covered in sharp spines.
                  | [demonic ancestry]
  2223 | D:2      | Reached XP level 5. HP: 5/41 MP: 5/5
  2223 | D:2      | Reached XP level 6. HP: 6/47 MP: 6/6
  2544 | D:2      | Found Pughuawnig's Magic Scroll Boutique.
  2878 | D:3      | Found a burning altar of Makhleb.
  2878 | D:3      | Found an opulent altar of Gozag.
  2879 | D:3      | Found a sparkling altar of Nemelex Xobeh.
  2892 | D:3      | Found a broken altar of Ashenzari.
  3208 | D:3      | Found a shimmering altar of Xom.
  3520 | D:4      | Reached *** piety under Trog
  3541 | D:4      | Found a staircase to the Ecumenical Temple.
  3618 | D:4      | Reached skill level 7 in Axes
  3888 | D:4      | Identified the +10 short sword "Spiderbane" {venom, Drain
                  | +Blink rC+ SInv}
  3902 | D:4      | Reached XP level 7. HP: 21/52 MP: 7/7
  4505 | D:4      | Reached skill level 8 in Axes
  4557 | D:4      | Identified the +1 pair of gloves "Biatreaxt" {rElec rF+ rC+
                  | Str-5}
  4803 | D:5      | Entered Level 5 of the Dungeon
  4830 | D:5      | Noticed Ijyb
  4896 | D:5      | Killed Ijyb
  4936 | D:5      | Reached skill level 9 in Axes
  4936 | D:5      | Gained mutation: You have sharp fingernails. [demonic
                  | ancestry]
  4936 | D:5      | Reached XP level 8. HP: 58/58 MP: 8/8
  5262 | D:5      | Found a radiant altar of Vehumet.
  5265 | D:5      | Found a shadowy altar of Dithmenos.
  5267 | D:5      | Found an ornate altar of the Wu Jian Council.
  5743 | D:6      | Reached skill level 10 in Axes
  6497 | D:7      | Reached **** piety under Trog
  6715 | D:7      | Reached skill level 11 in Axes
  6715 | D:7      | Gained mutation: You have very sharp fingernails. [demonic
                  | ancestry]
  6715 | D:7      | Reached XP level 9. HP: 56/63 MP: 9/9
  6819 | D:7      | Found a transporter.
  6829 | D:7      | Found a transporter.
  6832 | D:7      | Noticed RascalDebosk's ghost (novice DsGl)
  6833 | D:7      | Noticed a moth of wrath
  6879 | D:7      | Found a hide-covered altar of Uskayaw.
  7888 | D:8      | Reached skill level 12 in Axes
  8006 | D:8      | Reached ***** piety under Trog
  9041 | D:9      | Found a snail-covered altar of Cheibriados.
  9154 | D:7      | Killed a moth of wrath
  9155 | D:7      | Reached skill level 13 in Axes
  9155 | D:7      | Gained mutation: A meltable icy envelope protects you from
                  | harm. (AC +0) [demonic ancestry]
  9155 | D:7      | Reached XP level 10. HP: 37/70 MP: 3/10
  9163 | D:7      | Killed RascalDebosk's ghost
  9472 | D:9      | Noticed Maurice
  9497 | D:9      | Killed Maurice
  9548 | D:9      | Noticed Harold
  9558 | D:9      | Found a blossoming altar of Fedhas.
 10494 | D:10     | Entered Level 10 of the Dungeon
 10523 | D:10     | Noticed Psyche
 10547 | D:10     | Killed Psyche
 10663 | D:10     | Noticed a two-headed ogre
 10670 | D:10     | Killed a two-headed ogre
 10671 | D:10     | Reached skill level 14 in Axes
 10949 | D:10     | Found a staircase to the Lair.
 10951 | D:10     | Noticed an oklob plant
 11541 | D:10     | Reached skill level 15 in Axes
 11541 | D:10     | Gained mutation: You are mostly covered in thin metallic
                  | scales. (AC +3) [demonic ancestry]
 11541 | D:10     | Reached XP level 11. HP: 69/75 MP: 3/11
 11656 | D:10     | Found a staircase to the Orcish Mines.
 11723 | D:11     | Noticed a brown ugly thing
 11737 | D:11     | Killed a brown ugly thing
 11800 | D:11     | Noticed a five-headed hydra
 12103 | D:10     | Killed an oklob plant
 12139 | Lair:1   | Entered Level 1 of the Lair of Beasts
 12948 | Lair:1   | Reached skill level 16 in Axes
 13591 | Lair:2   | Reached skill level 5 in Fighting
 13727 | Lair:2   | Found a staircase to the Shoals.
 13903 | Lair:2   | Noticed Erica
 13911 | Lair:2   | Received a gift from Trog
 13917 | Lair:2   | Killed Erica
 13918 | Lair:2   | Reached XP level 12. HP: 87/87 MP: 12/12
 14037 | Lair:2   | Reached skill level 5 in Armour
 15003 | Lair:3   | Noticed Nergalle
 15010 | Lair:3   | Killed Nergalle
 15422 | Lair:3   | Noticed Gastronok
 15434 | Lair:3   | Killed Gastronok
 15585 | Lair:3   | Noticed a six-headed hydra
 15598 | Lair:3   | Killed a one-headed hydra
 16206 | Lair:4   | Reached XP level 13. HP: 87/101 MP: 13/13
 16542 | Lair:4   | Reached skill level 10 in Fighting
 16784 | Lair:4   | Found a runed translucent gate.
 16785 | Lair:4   | Found a runed translucent gate.
 16786 | Lair:4   | Found a runed translucent gate.
 16788 | Lair:4   | Noticed a minotaur
 16789 | Lair:4   | Noticed Rigic's ghost (journeyman OpFi)
 16799 | Lair:4   | Killed a minotaur
 16800 | Lair:4   | Killed Rigic's ghost
 17168 | Lair:4   | Found a staircase to the Snake Pit.
 17171 | Lair:4   | Noticed Snorg
 17189 | Lair:4   | Killed Snorg
 17463 | Lair:5   | Reached skill level 10 in Armour
 18116 | Lair:5   | Found a staircase to the Slime Pits.
 19085 | Lair:5   | Reached skill level 17 in Axes
 19573 | Lair:6   | Entered Level 6 of the Lair of Beasts
 19907 | Lair:6   | Reached ****** piety under Trog
 20481 | Lair:6   | Reached XP level 14. HP: 108/110 MP: 14/14
 20582 | Lair:6   | Received a gift from Trog
 20956 | Lair:6   | Reached skill level 18 in Axes
 22710 | Orc:1    | Entered Level 1 of the Orcish Mines
 22765 | Orc:1    | Received a gift from Trog
 22897 | Orc:2    | Entered Level 2 of the Orcish Mines
 23996 | Orc:2    | Found a staircase to the Elven Halls.
 24601 | Orc:2    | Noticed an orc warlord
 24981 | Orc:2    | Noticed an orc warlord
 24990 | Orc:2    | Identified the +12 battleaxe "Beastbane" {flame, rElec rF+
                  | rC+} (Trog gifted it to you on level 2 of the Orcish Mines)
 24990 | Orc:2    | Received a gift from Trog
 24994 | Orc:2    | Killed an orc warlord
 24995 | Orc:2    | Reached skill level 19 in Axes
 25113 | Orc:2    | Gained mutation: Your body sometimes deteriorates upon
                  | taking damage. [a neqoxec]
 25885 | Orc:2    | Found Anguruos's General Store.
 25886 | Orc:2    | Found Podufaoj's Book Shoppe.
 25887 | Orc:2    | Found Edghudih's Antique Armour Shoppe.
 25887 | Orc:2    | Found Irghoeg's Antique Weapon Emporium.
 25942 | Orc:2    | Killed an orc warlord
 26312 | Orc:2    | Bought a pair of spiked gloves for 294 gold pieces
 26312 | Orc:2    | Identified the +2 pair of gloves of Hopscotch {rC+ Will+
                  | Int+3 Dex+3} (You bought it in a shop on level 2 of the
                  | Orcish Mines)
 26544 | Snake:1  | Entered Level 1 of the Snake Pit
 26561 | Snake:1  | Received a gift from Trog
 27535 | Snake:1  | Gained mutation: You have claws for hands. [demonic
                  | ancestry]
 27535 | Snake:1  | Reached XP level 15. HP: 88/115 MP: 15/15
 29150 | Snake:2  | Reached skill level 20 in Axes
 29690 | Snake:2  | Noticed Vashnia
 29795 | Snake:2  | HP: 4/117 [naga sharpshooter/bolt[Vashnia] (14)]
 30390 | Snake:2  | Killed Vashnia
 30527 | Shoals:1 | Entered Level 1 of the Shoals
 31048 | Shoals:1 | Noticed Louise
 31434 | Shoals:1 | Noticed a frost giant
 31444 | Shoals:1 | Killed a frost giant
 31501 | Shoals:1 | Cast into level 2 of the Abyss (Louise)
 31587 | Abyss:2  | Noticed a tentacled starspawn
 31594 | Abyss:2  | Killed a tentacled starspawn
 31761 | Abyss:2  | HP: 2/180 [balrug (12)]
 31761 | Abyss:2  | Mangled by a balrug

Illustrated notes

Levels and vault maps discovered:
D:1:      dpeg_arrival_shrine, layout_basic, nrook_mini_vaults
D:2:      layout_basic, serial_shops, nicolae_shop_window_shopping,
          shapermc_ecumenical_altar_venn, minivault_11, st_stairs_8,
          uniq_natasha, uniq_sigmund
D:3:      layout_rooms, chequers_temple_overflow_minitemple
D:4:      layout_loops_ring, minmay_temple_entry_statues_fountains
D:5:      layout_cave_pools, grunt_temple_overflow_open, uniq_ijyb
D:6:      layout_basic
D:7:      layout_cave_pools, nicolae_uskayaw_suspiria,
          gammafunk_ghost_berserking_beasts
D:8:      layout_basic
D:9:      layout_basic, mainiacjoe_overflow_catch_the_wave,
          minmay_strange_pillars, uniq_maurice, uniq_harold
D:10:     layout_loops_ring, dpeg_oklobed_lair, erik_orc_2, uniq_psyche
D:11:     layout_roguey, minmay_gold_behind_fungi
Lair:1:   wander_river, layout_loops_ring, chequers_serial_rivers_small_b,
          serial_bayou_shore_a
Lair:2:   regret_index_harrowing_hell_hive, layout_regular_city,
          shoals_dummy_entry, grunt_forest_stairs_basic, uniq_erica
Lair:3:   layout_roguey, uniq_nergalle, uniq_gastronok
Lair:4:   layout_long_grid, guppyfry_snake_entry_garden,
          maelrawn_ghost_gauntlet_escape, uniq_snorg
Lair:5:   layout_small_grid, nicolae_slime_entry_slimehenge,
          beast_lair_carwin_8, grunt_megastairs_4
Lair:6:   hangedman_lair_caniforms_friends, layout_loops_ring,
          chequers_serial_rivers_small_3, kilobyte_rumbling_trees,
          serial_bayou_shore_b, lemuel_fruit_fields
Shoals:1: layout_shoals, st_cyclops, uniq_louise
Snake:1:  layout_honeycomb
Snake:2:  layout_cave_pods, uniq_vashnia
Orc:1:    layout_caves, uniq_sonja
Orc:2:    st_orc_congregation, layout_diamond_mine, basic_altar,
          nicolae_orc_flooded_monolith, nicolae_orc_bridge_out,
          guppyfry_library_mini
Abyss:2:  base: D:10, evilmike_abyss_exit_11, onia_ninara_dug_in_and_dangerous,
          minivault_1

Skill      XL: |  1  2  3  4  5  6  7  8  9 10 11 12 13 14 15 |
---------------+----------------------------------------------+-----
Axes           | 3 4 6 7 9 11 13 15 16 17 19 20 | 20.0
Armour         | 4 8 10 11 | 11.6
Fighting       | 5 9 10 11 | 11.9
Dodging        | |  1.7

Action                   |  1- 3 |  4- 6 |  7- 9 | 10-12 | 13-15 || total
-------------------------+-------+-------+-------+-------+-------++-------
Melee: Hand axe          |    98 |   160 |   389 |   171 |       ||   818
       Battleaxe         |       |       |       |   359 |   984 ||  1343
       Scimitar          |       |       |       |     6 |    29 ||    35
       Executioner's axe |       |       |       |       |    17 ||    17
Invok: Berserk           |       |     5 |    12 |    12 |    20 ||    49
       Brothers in Arms  |       |       |     1 |     1 |     4 ||     6
  Use: Scroll            |       |       |       |    19 |    10 ||    29
       Potion            |       |       |       |       |     8 ||     8
 Stab: Petrified         |       |       |       |       |     2 ||     2
       Distracted        |       |       |       |       |     2 ||     2
Armor: Ring mail         |    39 |    53 |   121 |   212 |   389 ||   814
       Animal skin       |     5 |       |       |       |       ||     5
       Chain mail        |       |       |       |       |   119 ||   119
Dodge: Dodged            |    60 |    58 |   145 |   244 |   590 ||  1097
Block: Other             |     4 |    22 |    52 |    65 |   162 ||   305
       Rpst.: Scimitar   |       |       |       |     1 |     4 ||     5
